 Dungeon Crawl Stone Soup version 0.31-a0-845-g9abc20d24f (webtiles) character file.

Game seed: 550253942590143660

52 hikkokomori the Shield-Bearer (level 4, -1/37 HPs)
             Began as a Formicid Fighter on Oct 2, 2023.
             Slain by Natasha (7 damage)
             ... on level 2 of the Dungeon.
             The game lasted 00:01:37 (843 turns).

hikkokomori the Shield-Bearer (Formicid Fighter)     Turns: 843, Time: 00:01:37

Health: -1/37      AC:  9    Str: 22    XL:     4   Next: 8%
Magic:  4/4        EV:  8    Int:  8    God:
Gold:   14         SH:  5    Dex: 13    Spells: 3/3 levels left

rFire   . . .        a - +0 war axe
rCold   . . .        c - +0 buckler
rNeg    . . .        f - +0 chain mail
rPois   .            (helmet unavailable)
rElec   .            (no cloak)
rCorr   .            (no gloves)
SInv    +            (no boots)
Will    .....        (no amulet) Stlth
                     (no ring)
HPRegen 0.26/turn    (no ring)
MPRegen 0.09/turn

%: no passive effects
@: no status effects
A: permanent stasis, dig shafts and tunnels, antennae 3, four strong arms
a: Dig, Shaft Self


You were on level 2 of the Dungeon.
You visited 1 branch of the dungeon, and saw 2 of its levels.

You collected 14 gold pieces.

Inventory:

Hand Weapons
 a - a +0 war axe (weapon)
Armour
 b - a +0 scale mail
 c - a +0 buckler (worn)
 f - a +0 chain mail (worn)
 j - a +0 cloak
Scrolls
 e - a scroll of amnesia
 h - a scroll of teleportation {unknown}
 i - a scroll of fog {unknown}
Potions
 d - a potion of might
 g - a potion of attraction {unknown}


   Skills:
 + Level 3.7 Fighting
 + Level 2.6 Axes
 + Level 3.8 Armour
 + Level 4.6 Shields


You had 3 spell levels left.
You didn't know any spells.
Your spell library was empty.

Dungeon Overview and Level Annotations

Branches:
Dungeon (2/15)

Altars:

Annotations:
D:2 Natasha


Innate Abilities, Weirdness & Mutations

You cannot be hasted, slowed, berserked, paralysed or teleported.
You can dig through walls and to a lower floor.
You have a pair of large antennae on your head. (SInv)
Your four strong arms can wield two-handed weapons with a shield.


Message History

You closely miss Natasha.
Natasha is almost dead.
You hit the cerulean imp.
The cerulean imp hits you from afar with a +1 spear.
Natasha casts a spell at you. You resist with some effort.
You block the cerulean imp's attack.
The cerulean imp hits you but does no damage.
You closely miss Natasha.
Natasha is almost dead.
You closely miss the cerulean imp.
The cerulean imp hits you but does no damage.
Natasha claws you but does no damage. You block the cerulean imp's attack.
The cerulean imp hits you with a +2 spear.
The cerulean imp hits you but does no damage.
You closely miss Natasha.
Natasha is almost dead.
You barely miss the cerulean imp. Natasha claws you but does no damage.
The cerulean imp hits you but does no damage.
The cerulean imp barely misses you. The cerulean imp misses you.
Natasha claws you. The cerulean imp barely misses you.
The cerulean imp hits you but does no damage.
You closely miss Natasha.
Natasha is almost dead.
You miss the cerulean imp.
The cerulean imp hits you from afar with a +1 spear.
Natasha claws you but does no damage. The cerulean imp barely misses you.
The cerulean imp hits you but does no damage. x2
Unknown command.
You closely miss Natasha.
Natasha is almost dead.
You hit the cerulean imp but do no damage.
Natasha claws you!
* * * LOW HITPOINT WARNING * * *
The cerulean imp hits you but does no damage.
You block the cerulean imp's attack.
The cerulean imp hits you from afar with a +1 spear.
* * * LOW HITPOINT WARNING * * *
Natasha claws you!
You die...
Natasha begins licking her fur clean.

#.#.# .## #.#.#....##
# ..#.#.# ..# .#
......# #.# #.#
†<#.#####.#########..#
###.......##.........#
#...#####............#
#.#.# #.#......55..#
#†#... #.......@†...#
#.##### ###...>..h...#
..# ..........5...#
### #.............#
...............#
...............#
......##+####### .....


You could see Natasha and 3 cerulean imps.

Vanquished Creatures
  An adder (D:2)
  A dart slug (D:2)
  3 endoplasms (D:1)
  3 giant cockroaches (D:1)
  A goblin (D:1)
  5 hobgoblins
  3 jackals (D:1)
  3 kobolds (D:1)
  4 quokkas (D:1)
  2 ball pythons (D:1)
  3 bats (D:1)
  3 frilled lizards (D:1)
  4 rats
36 creatures vanquished.

Notes
Turn   | Place    | Note
-------+----------+-------------------------------------------
     0 | D:1      | hikkokomori the Formicid Fighter began the quest for the
                  | Orb.
     0 | D:1      | Reached XP level 1. HP: 18/18 MP: 1/1
   135 | D:1      | Reached XP level 2. HP: 24/24 MP: 2/2
   311 | D:1      | Reached XP level 3. HP: 22/29 MP: 3/3
   818 | D:2      | Reached XP level 4. HP: 37/37 MP: 4/4
   831 | D:2      | Noticed Natasha
   843 | D:2      | Slain by Natasha

Illustrated notes

Levels and vault maps discovered:
D:1:      dpeg_arrival_erosion, layout_basic, chequers_serial_rivers_room_b
D:2:      layout_basic, serial_shops, shop, uniq_natasha, uniq_robin

Action                     |  1- 3 |  4- 6 || total
---------------------------+-------+-------++-------
  Melee: War axe           |    82 |    10 ||    92
    Use: Scroll            |     1 |       ||     1
 Armour: Scale mail        |     6 |       ||     6
         Chain mail        |    66 |    25 ||    91
  Dodge: Dodged            |    35 |     6 ||    41
  Block: Buckler           |    30 |     4 ||    34

Table legend: (Time is in decaauts)
 A = Elapsed time spent in this place.
 B = Non-inter-level travel time spent in this place.
 C = Inter-level travel time spent in this place.
 D = Time resting spent in this place.
 E = Time spent auto-exploring this place.
 F = Levels seen in this place.
 G = Mean time per level.
                   A        B        C        D        E       F      G
               +--------+--------+--------+--------+--------+-----+--------+
         Total |    882 |    861 |     21 |      0 |    625 |   2 |  441.0 |
       Dungeon |    882 |    861 |     21 |      0 |    625 |   2 |  441.0 |
               +--------+--------+--------+--------+--------+-----+--------+

Top non-repeatable levels by time:
     D:1: 839 daAuts
     D:2: 43 daAuts
